 Dungeon Crawl Stone Soup version 0.22-a0-825-ga28c36f (webtiles) character file.

97 smcx the Digger (level 4, -4/26 HPs)
             Began as a Gargoyle Earth Elementalist on July 24, 2018.
             Slain by Terence
             ... wielding a +0 flail
              (5 damage)
             ... on level 2 of the Dungeon.
             The game lasted 00:14:03 (2064 turns).

smcx the Digger (Gargoyle Earth Elementalist)       Turns: 2064, Time: 00:14:03

Health: -4/26      AC:  5    Str: 11    XL:     4   Next: 68%
Magic:  0/7        EV: 12    Int: 17    God:
Gold:   69         SH:  0    Dex: 10    Spells: 7/8 levels left

rFire    . . .     SeeInvis .   k - +0 club
rCold    + . .     Gourm    .   (no shield)
rNeg     + . .     Faith    .   m - +0 robe
rPois    ∞         Spirit   .   (no helmet)
rElec    +         Reflect  .   (no cloak)
rCorr    .         Harm     .   (no gloves)
MR       .....                  (no boots)
Stlth    ++........             o - amulet of magic regeneration
HPRegen  0.08/turn              i - ring of protection from cold
MPRegen  0.35/turn              (no ring)

@: very slightly contaminated
A: negative energy resistance 1, electricity resistance, unbreathing,
petrification resistance, rot immunity, AC +3
a: no special abilities


You were on level 2 of the Dungeon.
You were not hungry.

You visited 1 branch of the dungeon, and saw 2 of its levels.

You collected 69 gold pieces.

Inventory:

Hand Weapons
 k - a +0 club (weapon)
 q - a +0 dagger of freezing
Missiles
 b - 21 stones (quivered)
 l - 34 bolts
Armour
 c - a +0 robe
 m - a +0 robe (worn)
Jewellery
 i - a ring of protection from cold (left hand)
 n - an uncursed amulet of the gourmand
 o - an amulet of magic regeneration (around neck)
Scrolls
 a - a scroll of remove curse {unknown}
 e - a scroll of magic mapping {unknown}
 f - a scroll of blinking {unknown}
 j - 2 scrolls of identify {unknown}
Potions
 g - a potion of haste {unknown}
 h - a potion of curing {unknown}
Comestibles
 d - 4 rations


   Skills:
 + Level 1.9 Fighting
 + Level 1.3 Maces & Flails
 + Level 2.2 Dodging
 - Level 2.1 Stealth
 + Level 2.6 Spellcasting
   Level 0.7 Transmutations
 + Level 4.3 Earth Magic


You had 7 spell levels left.
You knew the following spells:

 Your Spells              Type           Power        Failure   Level  Hunger
a - Sandblast             Erth           ###...       3%          1    #......

Your spell library contained the following spells:

 Spells                   Type           Power        Failure   Level  Hunger
 Stone Arrow              Conj/Erth      #.....       22%         3    ###....
 Passwall                 Tmut/Erth      ##......     10%         2    ##.....
 Lee's Rapid Deconstruct  Erth           ###.......   65%         5    ######.
 Petrify                  Tmut/Erth      ##......     54%         4    #####..


Dungeon Overview and Level Annotations

Branches:
Dungeon (2/15)

Altars:
Cheibriados
The Shining One

Annotations:
D:2 Terence


Innate Abilities, Weirdness & Mutations

You are resistant to torment.
Your stone body is resilient. (AC +3)
You are immune to poison.
You resist negative energy. (rN+)
You are resistant to electric shocks. (rElec)
You can survive without breathing.
You are immune to petrification.
You are immune to rotting.


Message History

Casting: Sandblast (safe; 3% risk of failure)
Confirm with . or Enter, or press ? or * to list all spells.
Aiming: Sandblast (safe; 3% risk of failure)
Press: ? - help, Shift-Dir - straight line, f/p - Terence
Aim: Terence, wielding a flail and wearing a ring mail (almost dead)
The blast of sand misses Terence.
b - 22 stones Terence misses you.
Terence hits you with a flail.
* * * LOW HITPOINT WARNING * * *
Casting: Sandblast (safe; 3% risk of failure)
Confirm with . or Enter, or press ? or * to list all spells.
Aiming: Sandblast (safe; 3% risk of failure)
Press: ? - help, Shift-Dir - straight line, f/p - Terence
Aim: Terence, wielding a flail and wearing a ring mail (almost dead)
The blast of sand hits Terence.
Terence is almost dead.
b - 21 stones Terence hits you with a flail.
You die...

###### #
#⌠#_#
#.#.#.8##
........# ##
....†††.# .#
#.8.# .#
#_#!# .# ###
###.# .#
#.#####@r#
.#
#..)...@##
.# #.#######
.# #.# .#
#.# .# #.#
.#########.#
...........#
############


You could see Terence and a rat.

Vanquished Creatures
  A bullfrog skeleton (D:2)
  2 adders (D:2)
  A leopard gecko (D:2)
  5 bats
  2 giant cockroaches
  8 goblins
  8 hobgoblins
  6 jackals
  3 frilled lizards
  4 kobolds
  5 rats
45 creatures vanquished.

Notes
Turn   | Place    | Note
-------+----------+-------------------------------------------
     0 | D:1      | smcx the Gargoyle Earth Elementalist began the quest for the Orb.
     0 | D:1      | Reached XP level 1. HP: 10/10 MP: 3/3
   327 | D:1      | Reached XP level 2. HP: 16/16 MP: 3/5
   650 | D:1      | Reached skill level 1 in Fighting
   858 | D:1      | Reached skill level 4 in Earth Magic
   886 | D:1      | Reached XP level 3. HP: 20/20 MP: 2/6
  1588 | D:2      | Reached skill level 1 in Maces & Flails
  1673 | D:2      | Reached XP level 4. HP: 26/26 MP: 4/7
  2035 | D:2      | Found a snail-covered altar of Cheibriados.
  2037 | D:2      | Noticed Terence
  2038 | D:2      | Found a glowing golden altar of the Shining One.
  2062 | D:2      | HP: 1/26 [Terence/flail (2)]
  2064 | D:2      | Slain by Terence

Vault maps used:
D:1:      elethiomel_arrival_shortcut
D:2:      minitemple, first_ration, minmay_hedge_maze, uniq_terence

Skill      XL: |  1  2  3 |
---------------+----------+-----
Fighting       | 1 |  1.9
Earth Magic    | 4 |  4.3
Dodging        | 2 |  2.2
Maces & Flails | 1 |  1.3
Stealth        | |  2.1
Spellcasting   | |  2.6
Transmutations | |  0.7

Action                   |  1- 3 |  4- 6 || total
-------------------------+-------+-------++-------
Melee: Club              |    33 |    13 ||    46
 Cast: Sandblast         |    46 |    19 ||    65
 Stab: Sleeping          |     2 |       ||     2
  Eat: Chunk             |     4 |       ||     4
       Ration            |     1 |       ||     1
Armor: Robe              |    16 |     4 ||    20
Dodge: Dodged            |    35 |    14 ||    49

Table legend:
 A = Spawn XP
 B = Non-spawn XP
 C = Spawn XP percentage of total XP
 D = Spawn monster count
 E = Non-spawn monster count
 F = Spawn count percentage of total count
 G = Total turns spent on level
                    A         B        C        D         E        F      G
               +---------+---------+-------+---------+---------+-------+---------
         Total |       0 |     139 |   0.0 |       0 |      45 |   0.0 |  2064
               +---------+---------+-------+---------+---------+-------+---------
           D:1 |       0 |      34 |   0.0 |       0 |      20 |   0.0 |  1099
           D:2 |       0 |     105 |   0.0 |       0 |      25 |   0.0 |   965
               +---------+---------+-------+---------+---------+-------+---------
